 Dungeon Crawl Stone Soup version 0.23.2-1-ga50397a (webtiles) character file.

Game seed: 16217861393958846264

2818 Kahibar the Cleaver (level 9, -4/78 HPs)
             Began as a Hill Orc Fighter on May 13, 2019.
             Was an Initiate of Makhleb.
             Killed from afar by a hornet (19 damage)
             ... with an exploding inner flame
             ... hexed by the player character
             ... on level 6 of the Dungeon.
             The game lasted 01:42:37 (9192 turns).

Kahibar the Cleaver (Hill Orc Fighter)              Turns: 9192, Time: 01:42:37

Health: -4/78      AC: 19    Str: 20    XL:     9   Next: 72%
Magic:  9/9        EV:  6    Int: 17    God:    Makhleb [......]
Gold:   344        SH: 10    Dex: 12    Spells: 8/8 levels left

rFire    . . .     SeeInvis .   b - +0 war axe
rCold    . . .     Gourm    .   c - +0 shield
rNeg     . . .     Faith    +   I - +0 plate armour
rPois    .         Spirit   .   n - +0 helmet
rElec    .         Reflect  .   (no cloak)
rCorr    .         Harm     .   w - +2 pair of gloves
MR       .....                  l - +0 pair of boots
Stlth    ..........             g - amulet of faith
HPRegen  0.23/turn              J - +4 ring of intelligence
MPRegen  0.11/turn              C - +5 ring of intelligence

@: lethally poisoned (-4 -> -15), slowed, very slow
A: no striking features
a: Renounce Religion


You were on level 6 of the Dungeon.
You worshipped Makhleb.
Makhleb was noncommittal.
You were not hungry.

You visited 2 branches of the dungeon, and saw 7 of its levels.

You collected 344 gold pieces.

Inventory:

Hand Weapons
 a - a +2 flail of holy wrath
 b - a +0 war axe (weapon)
 y - a +3 spear
 z - a +1 vampiric dagger
 A - a +0 spear of venom
 E - a +2 whip of flaming
 G - a +1 flail of protection
Missiles
 h - 265 stones
 i - 54 poisoned needles (quivered)
 k - 56 sling bullets
 t - 7 curare-tipped needles
 u - 2 tomahawks
 x - 3 throwing nets
Armour
 c - a +0 shield (worn)
 l - a +0 pair of boots (worn)
 n - a +0 helmet (worn)
 r - a +0 scale mail
 w - a +2 pair of gloves (worn)
 I - a +0 plate armour (worn)
Magical Staves
 p - an uncursed staff of cold
Jewellery
 g - an amulet of faith (around neck)
 C - a +5 ring of intelligence (right hand)
 J - a +4 ring of intelligence (left hand)
Wands
 H - a wand of polymorph (10)
Scrolls
 j - 2 scrolls of enchant weapon
 m - 2 scrolls of blinking
 o - 2 scrolls of enchant armour
 s - a scroll of immolation
 D - a scroll of amnesia {unknown}
 F - a scroll of fog {unknown}
Potions
 d - a potion of might
 e - a potion of haste
 q - a potion of brilliance {unknown}
 L - a potion of agility {unknown}
 M - a potion of berserk rage {unknown}
Comestibles
 f - 7 rations


   Skills:
 + Level 6.6 Fighting
 + Level 9.2(9.8) Axes
 + Level 4.0(6.4) Maces & Flails
 + Level 1.8 Throwing
 + Level 7.1 Armour
 + Level 2.9 Dodging
 + Level 1.1 Stealth
 + Level 6.9 Shields


You had 8 spell levels left.
You didn't know any spells.
Your spell library was empty.

Dungeon Overview and Level Annotations

Branches:
Dungeon (6/15)             Temple (1/1) D:5

Altars:
Dithmenos
Elyvilon
Fedhas
Gozag
Kikubaaqudgha
Makhleb
Nemelex Xobeh
Ru
Sif Muna
Trog
Uskayaw
Wu Jian
Xom
Yredelemnul
Zin
The Shining One

Shops:
D:5 [

Annotations:
D:6 1 transporter, xveg's ghost, novice MiGl


Message History

You feel much better.
You are engulfed in blazing flames.
The hornet is engulfed in blazing flames.
The hornet stings you.
You are more poisoned.
You feel yourself slow down.
The hornet is engulfed in blazing flames.
The hornet stings you but does no damage.
You can't go down here!
You can't go up here!
You are too injured to fight recklessly!
You are too injured to fight recklessly!
As you read the scroll labeled EXISIK LAREECOT, it crumbles to dust.
You hear a loud clanging noise!
It was a scroll of noise.
You are engulfed in blazing flames.
* * * LOW HITPOINT WARNING * * *
You feel sick.
The hornet is engulfed in blazing flames.
The hornet explodes!
The fiery explosion engulfs you!!
You die...

.###......... ##
###........ # #.
##.###....... #.
..%#...##....... #. %
.###. #.......
#..##.W.#...##.......
#..#§#§# #.#$#.....).
#..#§§# #.[#.......
#.©#@§# #.W#©......
##.#§§# #.(#..#.###
#.#§#§# #.#.#..#.#
#.##§..#...##..#.# #
. ##%## #..#.# .. #
#..# #. #..# ## ...#


You could see xveg's ghost.

Vanquished Creatures
  Pikel (D:4)
  Sigmund (D:5)
  Menkaure (D:5)
  Edmund (D:5)
  The ghost of Killmatronix the Bolt Thrower, an amateur KoHu (D:3)
  A water moccasin (D:4)
  A slave (D:4)
  A black bear (D:3)
  An ogre (D:4)
  A centaur (D:5)
  A big kobold (D:4)
  Blork the orc (D:4)
  A gnoll sergeant (D:3)
  2 scorpions (D:4)
  6 killer bees (D:6)
  A howler monkey (D:5)
  A crimson imp (D:6)
  A gnoll shaman (D:3)
  An orc priest (D:3)
  A bullfrog skeleton (D:5)
  An orc wizard (D:5)
  A worker ant (D:3)
  48 gnolls
  9 adders
  A shadow imp (D:6)
  2 oozes (D:2)
  An adder skeleton (D:4)
  5 worms
  5 dart slugs
  4 leopard geckos
  12 orcs
  A ball python (D:1)
  3 giant cockroaches
  6 goblins
  10 hobgoblins
  22 jackals
  A quokka (D:3)
  10 bats
  3 frilled lizards
  A giant cockroach zombie (D:5)
  9 kobolds
  A leopard gecko skeleton (D:4)
  A quokka skeleton (D:4)
  5 rats
  5 bushes (D:4)
  5 plants (D:4)
198 creatures vanquished.

Vanquished Creatures (others)
  An iguana (D:5)
  An orc (D:5)
2 creatures vanquished.

Grand Total: 200 creatures vanquished

Notes
Turn   | Place    | Note
-------+----------+-------------------------------------------
     0 | D:1      | Kahibar the Hill Orc Fighter began the quest for the Orb.
     0 | D:1      | Reached XP level 1. HP: 19/19 MP: 1/1
     6 | D:1      | Noticed a black bear
     6 | D:1      | Noticed an iguana
     6 | D:1      | Noticed a lindwurm
     7 | D:1      | Noticed a water moccasin
   153 | D:1      | Reached XP level 2. HP: 19/27 MP: 2/2
   526 | D:1      | Reached skill level 3 in Axes
   668 | D:2      | Reached XP level 3. HP: 18/33 MP: 3/3
  1129 | D:2      | Reached XP level 4. HP: 40/40 MP: 4/4
  1421 | D:2      | Reached skill level 4 in Axes
  1765 | D:3      | Reached XP level 5. HP: 46/46 MP: 5/5
  1777 | D:3      | Found a runed translucent door.
  1791 | D:3      | Reached skill level 1 in Throwing
  1811 | D:3      | Noticed Killmatronix's ghost (amateur KoHu)
  2011 | D:3      | Reached skill level 1 in Dodging
  2395 | D:3      | Reached skill level 5 in Axes
  2395 | D:3      | Reached XP level 6. HP: 40/52 MP: 6/6
  3518 | D:3      | Reached skill level 6 in Axes
  3532 | D:3      | Reached XP level 7. HP: 44/60 MP: 7/7
  3828 | D:3      | Reached skill level 5 in Armour
  4539 | D:3      | Reached skill level 1 in Maces & Flails
  5650 | D:3      | Reached skill level 5 in Fighting
  5650 | D:3      | Reached skill level 5 in Shields
  5650 | D:3      | Reached XP level 8. HP: 45/68 MP: 8/8
  6001 | D:3      | Killed Killmatronix's ghost
  6604 | D:4      | Found a shadowy altar of Dithmenos.
  7337 | D:5      | Entered Level 5 of the Dungeon
  7337 | D:5      | Noticed Pikel
  7361 | D:4      | Killed Pikel
  7361 | D:4      | Reached skill level 7 in Axes
  7361 | D:4      | Reached XP level 9. HP: 49/74 MP: 9/9
  7477 | D:5      | Noticed Blork the orc
  7498 | D:4      | Killed Blork the orc
  7498 | D:4      | Reached skill level 1 in Stealth
  7579 | D:4      | Reached skill level 8 in Axes
  7774 | D:5      | Noticed Edmund
  7808 | D:5      | Killed Edmund
  7997 | D:5      | Noticed Menkaure
  8013 | D:5      | Killed Menkaure
  8183 | D:5      | Found a staircase to the Ecumenical Temple.
  8196 | Temple   | Entered the Ecumenical Temple
  8457 | Temple   | Became a worshipper of Makhleb the Destroyer
  8681 | D:5      | Noticed Sigmund
  8707 | D:5      | Killed Sigmund
  8810 | D:5      | Found Salaoxtyrch's Armour Shop.
  9174 | D:6      | Found a transporter.
  9176 | D:6      | Found a transporter.
  9178 | D:6      | Noticed xveg's ghost (novice MiGl)
  9186 | D:6      | Noticed a hornet
  9190 | D:6      | Reached skill level 9 in Axes
  9192 | D:6      | Killed a hornet
  9192 | D:6      | Killed from afar by a hornet

Skill      XL: |  1  2  3  4  5  6  7  8  9 |
---------------+----------------------------+-----
Axes           | 3 4 5 6 7 9 |  9.2
Armour         | 4 5 6 7 |  7.1
Fighting       | 4 5 6 |  6.6
Throwing       | 1 |  1.8
Dodging        | 1 2 |  2.9
Shields        | 4 5 6 |  6.9
Maces & Flails | 2 4 |  4.0
Stealth        | 1 |  1.1

Action                   |  1- 3 |  4- 6 |  7- 9 || total
-------------------------+-------+-------+-------++-------
Melee: War axe           |   102 |   224 |   449 ||   775
       Flail             |       |       |   221 ||   221
Throw: Stone             |     8 |     5 |       ||    13
       Tomahawk          |     6 |    22 |    13 ||    41
  Use: Scroll            |       |       |    11 ||    11
       Potion            |       |       |     2 ||     2
 Stab: Distracted        |       |       |     1 ||     1
  Eat: Chunk             |     1 |     2 |     7 ||    10
       Ration            |       |     2 |     4 ||     6
Armor: Scale mail        |    57 |   117 |   208 ||   382
       Plate armour      |       |       |    49 ||    49
Dodge: Dodged            |    31 |    88 |   206 ||   325
Block: Shield            |    67 |   137 |   306 ||   510
